cohdb
Replays
Latest Replays
All Replays
Popular Replays
Top Player Replays
Match Explorer
How It Works
Community
CoH3 Stats
Reddit
Sign in to upload your games and track your stats! →
Sign in with Steam
Match 44404884
Unlisted
Match 44404884
Overview
Messages
Build Orders
End
Construct Infanterie Kompanie
Selects Breakthrough Battlegroup
Selects Assault Grenadiers
Grenadier Squad
MG 42 Machine Gun Team
GrW 34 Mortar Team
MG 42 Machine Gun Team
Construct Luftwaffe Kompanie
Jäger Squad
Support Elements
Jäger Squad
Selects Rapid Production
Wirbelwind Flakpanzer
Construct Panzergrenadier Kompanie
Nebelwerfer 42 Rocket Launcher Team
Selects Blitzkrieg
Pak 40 Anti-tank Gun Team
StuG III G Assault Gun
StuG III G Assault Gun
razor
lvwei889988
100
Paradox
Serial Chiller
楚好人
towel man
HC
0
0
Comments
sign in to comment!
No comments posted yet!